Winnipeg Jets vs Vancouver Canucks
Created - Tuesday, April 1, 2025 at 08:10
Goals
|
| Winnipeg Jets |
0 |
3 |
1 |
4 |
| Vancouver Canucks |
0 |
1 |
1 |
2 |
|
Shots
|
| Winnipeg Jets |
9 |
13 |
7 |
29 |
| Vancouver Canucks |
8 |
8 |
11 |
27 |
|
1st period
No Goal
Penalties :
Miro Heiskanen (VAN) for Tripping (Minor) at 12:16
2nd period
1. Vancouver Canucks , Mikko Rantanen 22 (Ryan McDonagh 8) at 7:49
2. Winnipeg Jets , Adam Lowry 12 (Jason Zucker 12, Olli Maatta 14) at 12:24
3. Winnipeg Jets , Oliver Ekman-Larsson 2 (Nate Schmidt 18, Alexis Lafreniere 19) at 15:50 (PP)
4. Winnipeg Jets , Oliver Ekman-Larsson 3 (Connor Bedard 26) at 17:51
Penalties :
Jason Zucker (WPG) for Holding (Minor) at 0:44, Dylan Samberg (WPG) for Slashing (Minor) at 4:13, Alexis Lafreniere (WPG) for Holding (Minor) at 12:46, Robby Fabbri (VAN) for Hooking (Minor) at 15:44
3rd period
5. Vancouver Canucks , Anton Lundell 3 (Connor Zary 11, Aleksander Barkov 23) at 7:59
6. Winnipeg Jets , Andre Burakovsky 8 (Oliver Ekman-Larsson 14, Nate Schmidt 19) at 18:53 (Empty Net)
Penalties :
Miro Heiskanen (VAN) for Tripping (Minor) at 2:39, Vladislav Namestnikov (WPG) for Tripping (Minor) at 11:29, Oliver Ekman-Larsson (WPG) for Cross-checking (Minor) at 19:02
Goalie Stats
Ukko-Pekka Luukkonen (WPG), 25 saves from 27 shots - (0.926), W, 8-7-2, 60:00 minutes
Joonas Korpisalo (VAN), 25 saves from 28 shots - (0.893), L, 12-13-5, 59:38 minutes
Players Stats for Winnipeg Jets
Player Name G A P +/- PIM S H SB GA TA FO MP PP MP PK MP
------------------------------------------------------------------------------------
Adam Lowry 1 0 1 1 0 2 0 1 1 0 3/4 16:55 0:00 3:57
Alexis Lafreniere 0 1 1 0 2 3 2 0 0 0 1/3 18:44 1:54 3:25
Andre Burakovsky 1 0 1 0 0 6 0 0 1 0 0/0 8:52 0:00 0:00
Barclay Goodrow 0 0 0 1 0 0 4 2 0 0 0/0 13:10 0:18 0:13
Connor Bedard 0 1 1 0 0 2 2 0 0 1 5/12 18:15 1:55 4:17
Connor McDavid 0 0 0 0 0 4 3 0 0 0 21/30 19:09 1:58 4:08
Dylan Samberg 0 0 0 1 2 0 3 1 1 0 0/0 22:50 2:06 3:32
Haydn Fleury 0 0 0 -1 0 0 0 1 0 1 0/0 13:34 0:00 0:00
Jason Zucker 0 1 1 1 2 4 0 1 0 0 0/1 13:13 0:11 0:37
Joel Armia 0 0 0 0 0 1 0 1 0 0 0/0 13:54 1:55 0:00
Mason Appleton 0 0 0 0 0 1 1 0 0 0 0/0 13:54 1:55 0:00
Michael Kesselring 0 0 0 -1 0 0 1 1 0 0 0/0 14:19 0:00 0:45
Nate Schmidt 0 2 2 1 0 0 2 3 0 1 0/0 22:36 1:58 4:22
Oliver Ekman-Larsson 2 1 3 1 2 2 2 1 0 1 0/0 23:28 1:58 4:36
Olli Maatta 0 1 1 1 0 0 0 1 0 0 0/0 23:50 2:06 4:31
Ridly Greig 0 0 0 0 0 2 2 1 1 0 2/3 8:52 0:00 0:00
Taylor Hall 0 0 0 0 0 1 1 0 1 0 0/0 10:23 0:11 1:09
Vladislav Namestnikov 0 0 0 0 2 1 0 0 0 0 0/0 15:04 1:55 0:00
Players Stats for Vancouver Canucks
Player Name G A P +/- PIM S H SB GA TA FO MP PP MP PK MP
------------------------------------------------------------------------------------
Adam Boqvist 0 0 0 2 0 0 0 1 0 0 0/0 15:53 0:00 1:56
Aku Raty 0 0 0 1 0 0 2 0 0 0 0/0 10:15 0:00 0:00
Aleksander Barkov 0 1 1 -1 0 5 0 0 0 0 5/12 19:38 4:13 2:01
Anton Lundell 1 0 1 1 0 1 1 0 1 0 0/3 15:36 4:40 0:00
Artturi Lehkonen 0 0 0 1 0 1 1 0 1 0 1/4 18:48 4:29 2:03
Brett Leason 0 0 0 0 0 0 2 1 0 1 2/5 14:05 4:21 2:01
Casey Mittelstadt 0 0 0 -2 0 0 2 0 0 1 10/20 16:53 0:03 0:00
Chad Ruhwedel 0 0 0 -1 0 0 1 0 0 1 0/0 14:49 0:35 2:01
Clayton Keller 0 0 0 -3 0 4 1 0 0 1 0/3 20:05 4:29 0:00
Connor Zary 0 1 1 1 0 2 2 4 1 1 0/1 15:08 4:21 0:00
Jacob Bernard-Docker 0 0 0 -1 0 1 1 3 0 0 0/0 12:39 0:00 0:00
Matias Maccelli 0 0 0 1 0 2 2 0 0 0 1/1 13:33 0:03 0:00
Mikko Rantanen 1 0 1 -2 0 2 0 0 0 0 2/4 20:06 4:29 0:00
Miro Heiskanen 0 0 0 -2 4 2 2 0 0 0 0/0 24:02 4:13 0:00
Noah Hanifin 0 0 0 -1 0 3 0 2 1 0 0/0 25:27 4:05 2:08
Robby Fabbri 0 0 0 0 2 3 1 0 0 0 0/0 11:50 4:21 0:00
Ryan McDonagh 0 1 1 1 0 0 1 1 0 0 0/0 16:43 0:00 2:03
Ty Dellandrea 0 0 0 0 0 1 2 1 0 0 0/0 10:23 0:03 2:03
3 Stars
1 - Oliver Ekman-Larsson (WPG)
2 - Nate Schmidt (WPG)
3 - Adam Lowry (WPG)
Power Play
Winnipeg Jets - 1 on 3 Attempt(s) - 33.33%
Vancouver Canucks - 0 on 5 Attempt(s) - 0.00%
Penalty Kill
Winnipeg Jets - 5 on 5 Attempt(s) - 100.00%
- Score 0 goal in Penalty Kill
Vancouver Canucks - 2 on 3 Attempt(s) - 66.67%
- Score 0 goal in Penalty Kill
Team Stat
Winnipeg Jets - Hits : 23 - Faceoff Wins : 32 - Blocked Shots : 14 - Penalty Minutes : 10
Vancouver Canucks - Hits : 21 - Faceoff Wins : 21 - Blocked Shots : 13 - Penalty Minutes : 6
Official
Referees : Reid Anderson and Justin Kea
Linesman : Jesse Marquis and Matt MacPherson
Game Notes
12:24 of 2nd period - Winnipeg Jets goal is going for a video replay. After video review, Goal.
Andre Burakovsky has scored in a empty net!
Finance
Level 1 -- Attendance: 4788 (79.80%) -- Ticket Income $474,012
Level 2 -- Attendance: 3406 (68.12%) -- Ticket Income $200,954
Level 3 -- Attendance: 2298 (76.60%) -- Ticket Income $78,132
Level 4 -- Attendance: 3453 (69.06%) -- Ticket Income $82,872
Luxury Box -- Attendance: 687 (68.70%) -- Ticket Income $136,713
Game was played at the Rogers Arena.
Total Attendance: 14632 (73.16%)
Total Ticket Income: $972,683
Other Income: $340,439
Total Income: $1,313,122
Winnipeg Jets
5 vs 5 Forward
Center Left Wing Right Wing Time % Phy DF OF
1 Connor McDavid Alexis Lafreniere Vladislav Namestnikov 30 1 2 2
2 Connor Bedard Joel Armia Mason Appleton 30 1 2 2
3 Adam Lowry Barclay Goodrow Jason Zucker 25 1 2 2
4 Ridly Greig Taylor Hall Andre Burakovsky 15 1 2 2
5 vs 5 Defense
Defense Defense Time % Phy DF OF
1 Oliver Ekman-Larsson Nate Schmidt 35 1 2 2
2 Dylan Samberg Olli Maatta 35 1 2 2
3 Haydn Fleury Michael Kesselring 30 1 2 2
4 Oliver Ekman-Larsson Nate Schmidt 0 1 2 2
PowerPlay Forward
Center Left Wing Right Wing Time % Phy DF OF
1 Connor McDavid Alexis Lafreniere Vladislav Namestnikov 50 1 2 2
2 Connor Bedard Joel Armia Mason Appleton 50 1 2 2
PowerPlay Defense
Defense Defense Time % Phy DF OF
1 Oliver Ekman-Larsson Nate Schmidt 50 1 2 2
2 Dylan Samberg Olli Maatta 50 1 2 2
Penalty Kill 4 Players Forward
Center Wing Time % Phy DF OF
1 Connor McDavid Connor Bedard 50 1 2 2
2 Alexis Lafreniere Adam Lowry 50 1 2 2
Penalty Kill 4 Players Defense
Defense Defense Time % Phy DF OF
1 Oliver Ekman-Larsson Nate Schmidt 50 1 2 2
2 Dylan Samberg Olli Maatta 50 1 2 2
Penalty Kill - 3 Players Forward
Forward Time % Phy DF OF
1 Connor McDavid 50 1 2 2
2 Connor Bedard 50 1 2 2
Penalty Kill - 3 Players Defense
Defense Defense Time % Phy DF OF
1 Oliver Ekman-Larsson Nate Schmidt 50 1 2 2
2 Dylan Samberg Olli Maatta 50 1 2 2
4 vs 4 Forward
Center Wing Time % Phy DF OF
1 Connor McDavid Connor Bedard 50 1 2 2
2 Alexis Lafreniere Adam Lowry 50 1 2 2
4 vs 4 Defense
Defense Defense Time % Phy DF OF
1 Oliver Ekman-Larsson Nate Schmidt 50 1 2 2
2 Dylan Samberg Olli Maatta 50 1 2 2
Last Minutes Offensive
Center Left Wing Right Wing Defense Defense
Connor McDavid Alexis Lafreniere Vladislav Namestnikov Oliver Ekman-Larsson Nate Schmidt
Last Minutes Defensive
Center Left Wing Right Wing Defense Defense
Connor McDavid Alexis Lafreniere Vladislav Namestnikov Oliver Ekman-Larsson Nate Schmidt
Goaltenders
Starting : Ukko-Pekka Luukkonen
Backup : Yaroslav Askarov
Extra Forwards
Normal : Connor McDavid, Barclay Goodrow, Jason Zucker - PP : Connor McDavid, Barclay Goodrow - PK : Jason Zucker
Extra Defensemen
Normal : Haydn Fleury, Michael Kesselring, Dylan Samberg - PP : Haydn Fleury - PK : Michael Kesselring, Dylan Samberg
Penalty Shots
Connor McDavid, Connor Bedard, Alexis Lafreniere, Adam Lowry, Vladislav Namestnikov
Scratches
Sam Steel (Healthy), Brayden Pachal (Healthy), Martin Jones (Healthy)
Vancouver Canucks
5 vs 5 Forward
Center Left Wing Right Wing Time % Phy DF OF
1 Casey Mittelstadt Clayton Keller Mikko Rantanen 40 1 1 3
2 Aleksander Barkov Matias Maccelli Artturi Lehkonen 30 1 2 2
3 Anton Lundell Connor Zary Aku Raty 20 1 2 2
4 Brett Leason Robby Fabbri Ty Dellandrea 10 1 3 1
5 vs 5 Defense
Defense Defense Time % Phy DF OF
1 Noah Hanifin Miro Heiskanen 30 1 2 2
2 Ryan McDonagh Adam Boqvist 30 1 2 2
3 Chad Ruhwedel Jacob Bernard-Docker 25 1 2 2
4 Noah Hanifin Miro Heiskanen 15 1 2 2
PowerPlay Forward
Center Left Wing Right Wing Time % Phy DF OF
1 Mikko Rantanen Clayton Keller Artturi Lehkonen 50 0 1 4
2 Brett Leason Connor Zary Robby Fabbri 50 0 1 4
PowerPlay Defense
Defense Defense Time % Phy DF OF
1 Aleksander Barkov Miro Heiskanen 50 0 1 4
2 Noah Hanifin Anton Lundell 50 0 1 4
Penalty Kill 4 Players Forward
Center Wing Time % Phy DF OF
1 Aleksander Barkov Brett Leason 50 1 2 2
2 Artturi Lehkonen Ty Dellandrea 50 1 2 2
Penalty Kill 4 Players Defense
Defense Defense Time % Phy DF OF
1 Ryan McDonagh Noah Hanifin 50 1 2 2
2 Miro Heiskanen Chad Ruhwedel 50 1 2 2
Penalty Kill - 3 Players Forward
Forward Time % Phy DF OF
1 Brett Leason 50 1 2 2
2 Aleksander Barkov 50 1 2 2
Penalty Kill - 3 Players Defense
Defense Defense Time % Phy DF OF
1 Ryan McDonagh Noah Hanifin 50 1 2 2
2 Miro Heiskanen Chad Ruhwedel 50 1 2 2
4 vs 4 Forward
Center Wing Time % Phy DF OF
1 Mikko Rantanen Clayton Keller 50 1 2 2
2 Aleksander Barkov Matias Maccelli 50 1 2 2
4 vs 4 Defense
Defense Defense Time % Phy DF OF
1 Noah Hanifin Miro Heiskanen 50 1 2 2
2 Ryan McDonagh Adam Boqvist 50 1 2 2
Last Minutes Offensive
Center Left Wing Right Wing Defense Defense
Aleksander Barkov Clayton Keller Mikko Rantanen Ryan McDonagh Miro Heiskanen
Last Minutes Defensive
Center Left Wing Right Wing Defense Defense
Aleksander Barkov Artturi Lehkonen Brett Leason Noah Hanifin Miro Heiskanen
Goaltenders
Starting : Joonas Korpisalo
Backup : Ville Husso
Extra Forwards
Normal : Aleksander Barkov, Mikko Rantanen, Clayton Keller - PP : Clayton Keller, Aleksander Barkov - PK : Mikko Rantanen
Extra Defensemen
Normal : Noah Hanifin, Miro Heiskanen, Ryan McDonagh - PP : Noah Hanifin - PK : Noah Hanifin, Miro Heiskanen
Penalty Shots
Aleksander Barkov, Mikko Rantanen, Clayton Keller, Brett Leason, Miro Heiskanen
Scratches
Jesperi Kotkaniemi (Healthy), Emil Martinsen Lilleberg (Healthy), Jacob Bryson (Healthy), Justus Annunen (Healthy)
% Time on Ice - Winnipeg Jets
Lines # - Real PCT - Wanted PCT - Time Play
Normal Forward
1 - 28% - 30% - 13:10
2 - 27% - 30% - 12:42
3 - 26% - 25% - 12:19
4 - 19% - 15% - 8:52
Normal Defense
1 - 35% - 35% - 16:16
2 - 37% - 35% - 17:13
3 - 29% - 30% - 13:34
4 - 0% - 0% - 0:00
PP Forward
1 - 53% - 50% - 2:09
2 - 47% - 50% - 1:55
PP Defense
1 - 48% - 50% - 1:58
2 - 52% - 50% - 2:06
PK Forward
1 - 44% - 50% - 3:52
2 - 56% - 50% - 5:01
PK Defense
1 - 49% - 50% - 4:22
2 - 51% - 50% - 4:31
PK3 Forward
1 - 0% - 50%
2 - 0% - 50%
PK3 Defense
1 - 0% - 50%
2 - 0% - 50%
44 Forward
1 - 0% - 50%
2 - 0% - 50%
44 Defense
1 - 0% - 50%
2 - 0% - 50%
Last Minute Offensive - 0:00
Last Minute Defensive - 0:00
Total
Forward - 60:00
Defense - 60:00
|
% Time on Ice - Vancouver Canucks
Lines # - Real PCT - Wanted PCT - Time Play
Normal Forward
1 - 33% - 40% - 15:35
2 - 31% - 30% - 14:20
3 - 22% - 20% - 10:15
4 - 14% - 10% - 6:45
Normal Defense
1 - 30% - 30% - 13:54
2 - 32% - 30% - 14:53
3 - 27% - 25% - 12:39
4 - 12% - 15% - 5:29
PP Forward
1 - 50% - 50% - 4:29
2 - 50% - 50% - 4:24
PP Defense
1 - 47% - 50% - 4:13
2 - 53% - 50% - 4:40
PK Forward
1 - 50% - 50% - 2:01
2 - 50% - 50% - 2:03
PK Defense
1 - 50% - 50% - 2:03
2 - 50% - 50% - 2:01
PK3 Forward
1 - 0% - 50%
2 - 0% - 50%
PK3 Defense
1 - 0% - 50%
2 - 0% - 50%
44 Forward
1 - 0% - 50%
2 - 0% - 50%
44 Defense
1 - 0% - 50%
2 - 0% - 50%
Last Minute Offensive - 0:08
Last Minute Defensive - 0:00
Total
Forward - 60:00
Defense - 60:00
|
Play-by-Play
1st period
0:01 of 1st period - Casey Mittelstadt wins face-off versus Connor McDavid in neutral zone.
0:06 of 1st period - Wrist shot by Mikko Rantanen.
0:06 of 1st period - Shot Blocked by Nate Schmidt.
0:26 of 1st period - Miro Heiskanen is hit by Oliver Ekman-Larsson and loses puck.
0:37 of 1st period - Wrist shot by Matias Maccelli.
0:37 of 1st period - Deflect By Joel Armia.
0:37 of 1st period - Shot Blocked by Joel Armia.
0:37 of 1st period - Puck is out of play.
0:38 of 1st period - Adam Lowry wins face-off versus Connor Zary in Winnipeg Jets zone.
0:46 of 1st period - Anton Lundell is hit by Barclay Goodrow and loses puck.
1:43 of 1st period - Vladislav Namestnikov is hit by Matias Maccelli.
1:56 of 1st period - Icing by Miro Heiskanen.
1:57 of 1st period - Aleksander Barkov wins face-off versus Jason Zucker in Vancouver Canucks zone.
2:02 of 1st period - Wrist shot by Aleksander Barkov.
2:02 of 1st period - Stopped by Ukko-Pekka Luukkonen with a rebound.
2:04 of 1st period - Snap shot by Aleksander Barkov.
2:04 of 1st period - Shot Blocked by Adam Lowry.
2:06 of 1st period - Slapshot by Noah Hanifin.
2:06 of 1st period - Stopped by Ukko-Pekka Luukkonen with a rebound.
2:08 of 1st period - Slapshot by Miro Heiskanen.
2:08 of 1st period - Deflect By Haydn Fleury.
2:08 of 1st period - Stopped by Ukko-Pekka Luukkonen with a rebound.
2:14 of 1st period - Slapshot by Aleksander Barkov.
2:14 of 1st period - Deflect By Matias Maccelli.
2:14 of 1st period - Stopped by Ukko-Pekka Luukkonen with a rebound.
2:30 of 1st period - Slapshot by Aleksander Barkov.
2:30 of 1st period - Shot Misses the Net.
3:06 of 1st period - Slapshot by Artturi Lehkonen.
3:06 of 1st period - Stopped by Ukko-Pekka Luukkonen without a rebound.
3:07 of 1st period - Connor Bedard wins face-off versus Casey Mittelstadt in Winnipeg Jets zone.
4:17 of 1st period - Clayton Keller is hit by Connor Bedard and loses puck.
5:32 of 1st period - Connor Zary is hit by Connor McDavid and loses puck.
6:07 of 1st period - Snap shot by Jason Zucker.
6:07 of 1st period - Shot Misses the Net.
6:09 of 1st period - Snap shot by Adam Lowry.
6:09 of 1st period - Shot Blocked by Jacob Bernard-Docker.
6:23 of 1st period - Wrist shot by Connor McDavid.
6:23 of 1st period - Deflect By Alexis Lafreniere.
6:23 of 1st period - Stopped by Joonas Korpisalo without a rebound.
6:24 of 1st period - Brett Leason wins face-off versus Connor McDavid in Vancouver Canucks zone.
6:49 of 1st period - Dylan Samberg is hit by Clayton Keller and loses puck.
6:56 of 1st period - Wrist shot by Connor Bedard.
6:56 of 1st period - Stopped by Joonas Korpisalo with a rebound.
6:58 of 1st period - Snap shot by Connor Bedard.
6:58 of 1st period - Shot Misses the Net.
7:08 of 1st period - Haydn Fleury is hit by Miro Heiskanen and loses puck.
8:16 of 1st period - Jacob Bernard-Docker is hit by Dylan Samberg and loses puck.
8:39 of 1st period - Wrist shot by Andre Burakovsky.
8:39 of 1st period - Shot Misses the Net.
8:41 of 1st period - Wrist shot by Ridly Greig.
8:41 of 1st period - Shot Misses the Net.
9:09 of 1st period - Artturi Lehkonen is hit by Connor Bedard and loses puck.
9:18 of 1st period - Wrist shot by Connor Bedard.
9:18 of 1st period - Shot Misses the Net.
9:20 of 1st period - Snap shot by Joel Armia.
9:20 of 1st period - Stopped by Joonas Korpisalo with a rebound.
10:01 of 1st period - Snap shot by Andre Burakovsky.
10:01 of 1st period - Stopped by Joonas Korpisalo with a rebound.
10:03 of 1st period - Wrist shot by Taylor Hall.
10:03 of 1st period - Stopped by Joonas Korpisalo with a rebound.
10:17 of 1st period - Snap shot by Jason Zucker.
10:17 of 1st period - Shot Blocked by Ty Dellandrea.
10:44 of 1st period - Nate Schmidt is hit by Casey Mittelstadt and loses puck.
12:03 of 1st period - Snap shot by Alexis Lafreniere.
12:03 of 1st period - Shot Misses the Net.
12:05 of 1st period - Snap shot by Haydn Fleury.
12:05 of 1st period - Deflect By Connor McDavid.
12:05 of 1st period - Shot Misses the Net.
12:05 of 1st period - Puck is out of play.
12:06 of 1st period - Connor McDavid wins face-off versus Aleksander Barkov in Vancouver Canucks zone.
12:09 of 1st period - Snap shot by Connor McDavid.
12:09 of 1st period - Stopped by Joonas Korpisalo without a rebound.
12:10 of 1st period - Aleksander Barkov wins face-off versus Connor Bedard in Vancouver Canucks zone.
12:16 of 1st period - Minor Penalty to Miro Heiskanen for Tripping.
12:17 of 1st period - Connor McDavid wins face-off versus Aleksander Barkov in Vancouver Canucks zone.
13:06 of 1st period - Snap shot by Brett Leason.
13:06 of 1st period - Shot Misses the Net.
14:16 of 1st period - Penalty to Miro Heiskanen is over, Miro Heiskanen is back on ice.
14:23 of 1st period - Ryan McDonagh is hit by Connor McDavid and loses puck.
14:36 of 1st period - Snap shot by Clayton Keller.
14:36 of 1st period - Shot Blocked by Ridly Greig.
15:17 of 1st period - Clayton Keller is hit by Barclay Goodrow and loses puck.
15:41 of 1st period - Adam Boqvist is hit by Nate Schmidt and loses puck.
16:09 of 1st period - Off-side.
16:10 of 1st period - Connor McDavid wins face-off versus Aleksander Barkov in neutral zone.
16:17 of 1st period - Snap shot by Alexis Lafreniere.
16:17 of 1st period - Stopped by Joonas Korpisalo without a rebound.
16:18 of 1st period - Connor McDavid wins face-off versus Casey Mittelstadt in Vancouver Canucks zone.
16:54 of 1st period - Snap shot by Mason Appleton.
16:54 of 1st period - Stopped by Joonas Korpisalo with a rebound.
16:56 of 1st period - Snap shot by Connor Bedard.
16:56 of 1st period - Shot Misses the Net.
17:12 of 1st period - Adam Lowry is hit by Aku Raty.
17:59 of 1st period - Wrist shot by Alexis Lafreniere.
17:59 of 1st period - Stopped by Joonas Korpisalo with a rebound.
18:01 of 1st period - Wrist shot by Connor McDavid.
18:01 of 1st period - Shot Blocked by Brett Leason.
18:16 of 1st period - Wrist shot by Brett Leason.
18:16 of 1st period - Shot Blocked by Olli Maatta.
18:18 of 1st period - Wrist shot by Robby Fabbri.
18:18 of 1st period - Shot Misses the Net.
18:20 of 1st period - Slapshot by Chad Ruhwedel.
18:20 of 1st period - Shot Misses the Net.
18:22 of 1st period - Snap shot by Robby Fabbri.
18:22 of 1st period - Stopped by Ukko-Pekka Luukkonen with a rebound.
18:24 of 1st period - Slapshot by Jacob Bernard-Docker.
18:24 of 1st period - Stopped by Ukko-Pekka Luukkonen without a rebound.
18:25 of 1st period - Casey Mittelstadt wins face-off versus Connor McDavid in Winnipeg Jets zone.
18:32 of 1st period - Ryan McDonagh is hit by Alexis Lafreniere and loses puck.
18:57 of 1st period - Snap shot by Aleksander Barkov.
18:57 of 1st period - Deflect By Matias Maccelli.
18:57 of 1st period - Shot Misses the Net.
18:57 of 1st period - Puck is out of play.
18:58 of 1st period - Connor Bedard wins face-off versus Aleksander Barkov in Winnipeg Jets zone.
19:13 of 1st period - Wrist shot by Aleksander Barkov.
19:13 of 1st period - Stopped by Ukko-Pekka Luukkonen without a rebound.
19:14 of 1st period - Casey Mittelstadt wins face-off versus Connor McDavid in Winnipeg Jets zone.
19:58 of 1st period - Jason Zucker is hit by Connor Zary and loses puck.
Goals for this period are 0 for Winnipeg Jets vs 0 for Vancouver Canucks.
Shots for this period are 9 for Winnipeg Jets vs 8 for Vancouver Canucks.
2nd period
0:01 of 2nd period - Connor McDavid wins face-off versus Casey Mittelstadt in neutral zone.
0:08 of 2nd period - Snap shot by Connor McDavid.
0:08 of 2nd period - Stopped by Joonas Korpisalo with a rebound.
0:31 of 2nd period - Adam Lowry is hit by Miro Heiskanen and loses puck.
0:44 of 2nd period - Minor Penalty to Jason Zucker for Holding.
0:45 of 2nd period - Connor McDavid wins face-off versus Mikko Rantanen in Winnipeg Jets zone.
1:24 of 2nd period - Wrist shot by Connor McDavid.
1:24 of 2nd period - Shot Misses the Net.
2:36 of 2nd period - Dylan Samberg is hit by Robby Fabbri and loses puck.
2:44 of 2nd period - Penalty to Jason Zucker is over, Jason Zucker is back on ice.
3:03 of 2nd period - Noah Hanifin is hit by Ridly Greig and loses puck.
3:20 of 2nd period - Wrist shot by Matias Maccelli.
3:20 of 2nd period - Shot Blocked by Barclay Goodrow.
3:22 of 2nd period - Slapshot by Matias Maccelli.
3:22 of 2nd period - Shot Blocked by Michael Kesselring.
3:24 of 2nd period - Slapshot by Matias Maccelli.
3:24 of 2nd period - Shot Blocked by Barclay Goodrow.
3:26 of 2nd period - Wrist shot by Casey Mittelstadt.
3:26 of 2nd period - Shot Blocked by Haydn Fleury.
3:28 of 2nd period - Slapshot by Noah Hanifin.
3:28 of 2nd period - Stopped by Ukko-Pekka Luukkonen without a rebound.
3:29 of 2nd period - Mikko Rantanen wins face-off versus Ridly Greig in Winnipeg Jets zone.
3:38 of 2nd period - Wrist shot by Andre Burakovsky.
3:38 of 2nd period - Shot Misses the Net.
3:42 of 2nd period - Wrist shot by Andre Burakovsky.
3:42 of 2nd period - Stopped by Joonas Korpisalo with a rebound.
4:13 of 2nd period - Minor Penalty to Dylan Samberg for Slashing.
4:14 of 2nd period - Alexis Lafreniere wins face-off versus Brett Leason in Winnipeg Jets zone.
4:30 of 2nd period - Slapshot by Connor Zary.
4:30 of 2nd period - Shot Blocked by Oliver Ekman-Larsson.
4:51 of 2nd period - Slapshot by Alexis Lafreniere.
4:51 of 2nd period - Shot Misses the Net.
6:13 of 2nd period - Penalty to Dylan Samberg is over, Dylan Samberg is back on ice.
6:18 of 2nd period - Aleksander Barkov is hit by Alexis Lafreniere and loses puck.
6:51 of 2nd period - Snap shot by Aleksander Barkov.
6:51 of 2nd period - Stopped by Ukko-Pekka Luukkonen without a rebound.
6:52 of 2nd period - Casey Mittelstadt wins face-off versus Connor Bedard in Winnipeg Jets zone.
7:03 of 2nd period - Michael Kesselring is hit by Chad Ruhwedel and loses puck.
7:18 of 2nd period - Haydn Fleury is hit by Matias Maccelli and loses puck.
7:49 of 2nd period - Wrist shot by Mikko Rantanen.
7:49 of 2nd period - Goal by Mikko Rantanen - Winnipeg Jets : 0 - Vancouver Canucks : 1.
7:50 of 2nd period - Connor McDavid wins face-off versus Casey Mittelstadt in neutral zone.
8:41 of 2nd period - Wrist shot by Aleksander Barkov.
8:41 of 2nd period - Shot Misses the Net.
8:43 of 2nd period - Wrist shot by Aleksander Barkov.
8:43 of 2nd period - Shot Blocked by Nate Schmidt.
8:45 of 2nd period - Slapshot by Matias Maccelli.
8:45 of 2nd period - Stopped by Ukko-Pekka Luukkonen without a rebound.
8:46 of 2nd period - Connor McDavid wins face-off versus Anton Lundell in Winnipeg Jets zone.
8:46 of 2nd period - Connor McDavid is hit by Aku Raty.
9:12 of 2nd period - Noah Hanifin is hit by Barclay Goodrow and loses puck.
9:23 of 2nd period - Slapshot by Jason Zucker.
9:23 of 2nd period - Stopped by Joonas Korpisalo with a rebound.
9:43 of 2nd period - Wrist shot by Connor Bedard.
9:43 of 2nd period - Shot Misses the Net.
9:57 of 2nd period - Snap shot by Andre Burakovsky.
9:57 of 2nd period - Stopped by Joonas Korpisalo with a rebound.
10:19 of 2nd period - Anton Lundell is hit by Connor McDavid and loses puck.
10:26 of 2nd period - Snap shot by Connor McDavid.
10:26 of 2nd period - Shot Misses the Net.
10:28 of 2nd period - Snap shot by Connor McDavid.
10:28 of 2nd period - Shot Blocked by Adam Boqvist.
11:17 of 2nd period - Jason Zucker is hit by Brett Leason and loses puck.
11:26 of 2nd period - Slapshot by Miro Heiskanen.
11:26 of 2nd period - Shot Blocked by Jason Zucker.
11:38 of 2nd period - Snap shot by Jason Zucker.
11:38 of 2nd period - Shot Misses the Net.
11:46 of 2nd period - Barclay Goodrow is hit by Anton Lundell.
12:00 of 2nd period - Slapshot by Jason Zucker.
12:00 of 2nd period - Stopped by Joonas Korpisalo with a rebound.
12:02 of 2nd period - Wrist shot by Barclay Goodrow.
12:02 of 2nd period - Shot Misses the Net.
12:16 of 2nd period - Snap shot by Adam Lowry.
12:16 of 2nd period - Shot Blocked by Jacob Bernard-Docker.
12:18 of 2nd period - Slapshot by Jason Zucker.
12:18 of 2nd period - Stopped by Joonas Korpisalo with a rebound.
12:20 of 2nd period - Snap shot by Jason Zucker.
12:20 of 2nd period - Shot Misses the Net.
12:22 of 2nd period - Wrist shot by Jason Zucker.
12:22 of 2nd period - Shot Misses the Net.
12:24 of 2nd period - Snap shot by Adam Lowry.
12:24 of 2nd period - Winnipeg Jets goal is going for a video replay.
12:24 of 2nd period - The goal is good.
12:24 of 2nd period - Goal by Adam Lowry - Winnipeg Jets : 1 - Vancouver Canucks : 1.
12:25 of 2nd period - Connor McDavid wins face-off versus Casey Mittelstadt in neutral zone.
12:27 of 2nd period - Off-side.
12:28 of 2nd period - Casey Mittelstadt wins face-off versus Connor McDavid in neutral zone.
12:31 of 2nd period - Snap shot by Clayton Keller.
12:31 of 2nd period - Stopped by Ukko-Pekka Luukkonen with a rebound.
12:46 of 2nd period - Minor Penalty to Alexis Lafreniere for Holding.
12:47 of 2nd period - Connor McDavid wins face-off versus Mikko Rantanen in Winnipeg Jets zone.
14:06 of 2nd period - Anton Lundell is hit by Taylor Hall and loses puck.
14:46 of 2nd period - Penalty to Alexis Lafreniere is over, Alexis Lafreniere is back on ice.
15:04 of 2nd period - Michael Kesselring is hit by Ty Dellandrea and loses puck.
15:44 of 2nd period - Minor Penalty to Robby Fabbri for Hooking.
15:45 of 2nd period - Connor McDavid wins face-off versus Artturi Lehkonen in Vancouver Canucks zone.
15:46 of 2nd period - Snap shot by Alexis Lafreniere.
15:46 of 2nd period - Shot Misses the Net.
15:48 of 2nd period - Slapshot by Nate Schmidt.
15:48 of 2nd period - Shot Blocked by Ryan McDonagh.
15:50 of 2nd period - Snap shot by Oliver Ekman-Larsson.
15:50 of 2nd period - Goal by Oliver Ekman-Larsson - Winnipeg Jets : 2 - Vancouver Canucks : 1.
15:51 of 2nd period - Connor McDavid wins face-off versus Casey Mittelstadt in neutral zone.
15:54 of 2nd period - Slapshot by Oliver Ekman-Larsson.
15:54 of 2nd period - Deflect By Alexis Lafreniere.
15:54 of 2nd period - Shot Misses the Net.
15:54 of 2nd period - Puck is out of play.
15:55 of 2nd period - Casey Mittelstadt wins face-off versus Connor McDavid in Vancouver Canucks zone.
16:50 of 2nd period - Slapshot by Andre Burakovsky.
16:50 of 2nd period - Shot Blocked by Connor Zary.
16:52 of 2nd period - Snap shot by Andre Burakovsky.
16:52 of 2nd period - Stopped by Joonas Korpisalo without a rebound.
16:53 of 2nd period - Connor McDavid wins face-off versus Casey Mittelstadt in Vancouver Canucks zone.
17:02 of 2nd period - Wrist shot by Alexis Lafreniere.
17:02 of 2nd period - Shot Misses the Net.
17:04 of 2nd period - Wrist shot by Connor McDavid.
17:04 of 2nd period - Stopped by Joonas Korpisalo with a rebound.
17:14 of 2nd period - Connor Bedard is hit by Ryan McDonagh and loses puck.
17:25 of 2nd period - Slapshot by Artturi Lehkonen.
17:25 of 2nd period - Shot Misses the Net.
17:27 of 2nd period - Slapshot by Artturi Lehkonen.
17:27 of 2nd period - Deflect By Aleksander Barkov.
17:27 of 2nd period - Shot Misses the Net.
17:27 of 2nd period - Puck is out of play.
17:28 of 2nd period - Aleksander Barkov wins face-off versus Adam Lowry in Winnipeg Jets zone.
17:41 of 2nd period - Wrist shot by Aleksander Barkov.
17:41 of 2nd period - Stopped by Ukko-Pekka Luukkonen without a rebound.
17:42 of 2nd period - Connor Bedard wins face-off versus Clayton Keller in Winnipeg Jets zone.
17:51 of 2nd period - Slapshot by Oliver Ekman-Larsson.
17:51 of 2nd period - Goal by Oliver Ekman-Larsson - Winnipeg Jets : 3 - Vancouver Canucks : 1.
17:52 of 2nd period - Casey Mittelstadt wins face-off versus Connor McDavid in neutral zone.
17:55 of 2nd period - Snap shot by Clayton Keller.
17:55 of 2nd period - Stopped by Ukko-Pekka Luukkonen with a rebound.
18:01 of 2nd period - Snap shot by Mikko Rantanen.
18:01 of 2nd period - Stopped by Ukko-Pekka Luukkonen without a rebound.
18:02 of 2nd period - Connor McDavid wins face-off versus Clayton Keller in Winnipeg Jets zone.
18:23 of 2nd period - Wrist shot by Alexis Lafreniere.
18:23 of 2nd period - Shot Misses the Net.
18:45 of 2nd period - Slapshot by Nate Schmidt.
18:45 of 2nd period - Shot Misses the Net.
18:51 of 2nd period - Slapshot by Connor McDavid.
18:51 of 2nd period - Stopped by Joonas Korpisalo without a rebound.
18:52 of 2nd period - Aleksander Barkov wins face-off versus Connor Bedard in Vancouver Canucks zone.
19:06 of 2nd period - Snap shot by Joel Armia.
19:06 of 2nd period - Shot Misses the Net.
19:12 of 2nd period - Connor Bedard is hit by Artturi Lehkonen and loses puck.
19:35 of 2nd period - Wrist shot by Adam Lowry.
19:35 of 2nd period - Stopped by Joonas Korpisalo with a rebound.
Goals for this period are 3 for Winnipeg Jets vs 1 for Vancouver Canucks.
Shots for this period are 13 for Winnipeg Jets vs 8 for Vancouver Canucks.
3rd period
0:01 of 3rd period - Casey Mittelstadt wins face-off versus Connor Bedard in neutral zone.
1:03 of 3rd period - Snap shot by Connor Bedard.
1:03 of 3rd period - Stopped by Joonas Korpisalo with a rebound.
1:05 of 3rd period - Backhand shot by Haydn Fleury.
1:05 of 3rd period - Shot Blocked by Noah Hanifin.
1:07 of 3rd period - Snap shot by Connor Bedard.
1:07 of 3rd period - Shot Blocked by Connor Zary.
1:09 of 3rd period - Slapshot by Joel Armia.
1:09 of 3rd period - Deflect By Connor Bedard.
1:09 of 3rd period - Shot Blocked by Connor Zary.
1:09 of 3rd period - Puck is out of play.
1:10 of 3rd period - Connor McDavid wins face-off versus Clayton Keller in Vancouver Canucks zone.
1:59 of 3rd period - Dylan Samberg is hit by Ty Dellandrea and loses puck.
2:04 of 3rd period - Wrist shot by Ty Dellandrea.
2:04 of 3rd period - Stopped by Ukko-Pekka Luukkonen without a rebound.
2:05 of 3rd period - Brett Leason wins face-off versus Connor McDavid in Winnipeg Jets zone.
2:08 of 3rd period - Snap shot by Robby Fabbri.
2:08 of 3rd period - Stopped by Ukko-Pekka Luukkonen with a rebound.
2:10 of 3rd period - Slapshot by Robby Fabbri.
2:10 of 3rd period - Stopped by Ukko-Pekka Luukkonen without a rebound.
2:11 of 3rd period - Connor McDavid wins face-off versus Casey Mittelstadt in Winnipeg Jets zone.
2:20 of 3rd period - Wrist shot by Vladislav Namestnikov.
2:20 of 3rd period - Stopped by Joonas Korpisalo without a rebound.
2:21 of 3rd period - Connor McDavid wins face-off versus Casey Mittelstadt in Vancouver Canucks zone.
2:36 of 3rd period - Slapshot by Alexis Lafreniere.
2:36 of 3rd period - Deflect By Connor McDavid.
2:36 of 3rd period - Shot Blocked by Noah Hanifin.
2:36 of 3rd period - Puck is out of play.
2:37 of 3rd period - Aleksander Barkov wins face-off versus Connor Bedard in Vancouver Canucks zone.
2:39 of 3rd period - Minor Penalty to Miro Heiskanen for Tripping.
2:40 of 3rd period - Connor Bedard wins face-off versus Aleksander Barkov in Vancouver Canucks zone.
2:42 of 3rd period - Wrist shot by Joel Armia.
2:42 of 3rd period - Shot Misses the Net.
2:54 of 3rd period - Ryan McDonagh is hit by Dylan Samberg and loses puck.
4:26 of 3rd period - Ryan McDonagh is hit by Oliver Ekman-Larsson and loses puck.
4:33 of 3rd period - Wrist shot by Jason Zucker.
4:33 of 3rd period - Stopped by Joonas Korpisalo without a rebound.
4:34 of 3rd period - Connor McDavid wins face-off versus Artturi Lehkonen in Vancouver Canucks zone.
4:39 of 3rd period - Penalty to Miro Heiskanen is over, Miro Heiskanen is back on ice.
5:38 of 3rd period - Snap shot by Aleksander Barkov.
5:38 of 3rd period - Stopped by Ukko-Pekka Luukkonen without a rebound.
5:39 of 3rd period - Connor Bedard wins face-off versus Casey Mittelstadt in Winnipeg Jets zone.
6:47 of 3rd period - Olli Maatta is hit by Casey Mittelstadt and loses puck.
7:16 of 3rd period - Ty Dellandrea is hit by Mason Appleton and loses puck.
7:57 of 3rd period - Wrist shot by Anton Lundell.
7:57 of 3rd period - Shot Blocked by Nate Schmidt.
7:59 of 3rd period - Wrist shot by Anton Lundell.
7:59 of 3rd period - Goal by Anton Lundell - Winnipeg Jets : 3 - Vancouver Canucks : 2.
8:00 of 3rd period - Casey Mittelstadt wins face-off versus Connor Bedard in neutral zone.
8:00 of 3rd period - Miro Heiskanen is hit by Michael Kesselring.
8:55 of 3rd period - Wrist shot by Adam Lowry.
8:55 of 3rd period - Shot Blocked by Connor Zary.
8:57 of 3rd period - Slapshot by Michael Kesselring.
8:57 of 3rd period - Shot Misses the Net.
9:09 of 3rd period - Wrist shot by Andre Burakovsky.
9:09 of 3rd period - Stopped by Joonas Korpisalo without a rebound.
9:10 of 3rd period - Ridly Greig wins face-off versus Brett Leason in Vancouver Canucks zone.
9:31 of 3rd period - Wrist shot by Ridly Greig.
9:31 of 3rd period - Stopped by Joonas Korpisalo with a rebound.
9:33 of 3rd period - Snap shot by Ridly Greig.
9:33 of 3rd period - Stopped by Joonas Korpisalo without a rebound.
9:34 of 3rd period - Casey Mittelstadt wins face-off versus Connor Bedard in Vancouver Canucks zone.
10:02 of 3rd period - Aleksander Barkov is hit by Dylan Samberg and loses puck.
10:09 of 3rd period - Dylan Samberg is hit by Jacob Bernard-Docker and loses puck.
10:24 of 3rd period - Slapshot by Jason Zucker.
10:24 of 3rd period - Shot Misses the Net.
10:48 of 3rd period - Slapshot by Miro Heiskanen.
10:48 of 3rd period - Stopped by Ukko-Pekka Luukkonen with a rebound.
11:29 of 3rd period - Minor Penalty to Vladislav Namestnikov for Tripping.
11:30 of 3rd period - Mikko Rantanen wins face-off versus Connor McDavid in Winnipeg Jets zone.
11:42 of 3rd period - Wrist shot by Clayton Keller.
11:42 of 3rd period - Stopped by Ukko-Pekka Luukkonen with a rebound.
11:44 of 3rd period - Slapshot by Anton Lundell.
11:44 of 3rd period - Shot Misses the Net.
12:34 of 3rd period - Olli Maatta is hit by Connor Zary and loses puck.
13:29 of 3rd period - Penalty to Vladislav Namestnikov is over, Vladislav Namestnikov is back on ice.
15:03 of 3rd period - Chad Ruhwedel is hit by Barclay Goodrow and loses puck.
15:37 of 3rd period - Icing by Matias Maccelli.
15:38 of 3rd period - Connor McDavid wins face-off versus Aleksander Barkov in Vancouver Canucks zone.
17:16 of 3rd period - Chad Ruhwedel is hit by Ridly Greig and loses puck.
17:39 of 3rd period - Snap shot by Barclay Goodrow.
17:39 of 3rd period - Shot Blocked by Jacob Bernard-Docker.
18:04 of 3rd period - Icing by Dylan Samberg.
18:05 of 3rd period - Matias Maccelli wins face-off versus Alexis Lafreniere in Winnipeg Jets zone.
18:08 of 3rd period - Wrist shot by Connor Zary.
18:08 of 3rd period - Stopped by Ukko-Pekka Luukkonen with a rebound.
18:15 of 3rd period - Off-side.
18:16 of 3rd period - Adam Lowry wins face-off versus Anton Lundell in neutral zone.
18:31 of 3rd period - Vancouver Canucks, Joonas Korpisalo is pulled from the net.
18:31 of 3rd period - Slapshot by Miro Heiskanen.
18:31 of 3rd period - Shot Misses the Net.
18:41 of 3rd period - Casey Mittelstadt is hit by Nate Schmidt.
18:45 of 3rd period - Snap shot by Noah Hanifin.
18:45 of 3rd period - Stopped by Ukko-Pekka Luukkonen without a rebound.
18:46 of 3rd period - Jeremy Colliton call a timeout for Vancouver Canucks.
18:46 of 3rd period - Ridly Greig wins face-off versus Aleksander Barkov in Winnipeg Jets zone.
18:53 of 3rd period - Slapshot by Andre Burakovsky.
18:53 of 3rd period - Goal by Andre Burakovsky - Winnipeg Jets : 4 - Vancouver Canucks : 2.
18:53 of 3rd period - Joonas Korpisalo from Vancouver Canucks was sent back in the game.
18:54 of 3rd period - Adam Lowry wins face-off versus Anton Lundell in neutral zone.
19:02 of 3rd period - Minor Penalty to Oliver Ekman-Larsson for Cross-checking.
19:03 of 3rd period - Connor McDavid wins face-off versus Artturi Lehkonen in Winnipeg Jets zone.
19:14 of 3rd period - Slapshot by Noah Hanifin.
19:14 of 3rd period - Shot Blocked by Dylan Samberg.
19:16 of 3rd period - Slapshot by Clayton Keller.
19:16 of 3rd period - Stopped by Ukko-Pekka Luukkonen without a rebound.
19:17 of 3rd period - Connor McDavid wins face-off versus Brett Leason in Winnipeg Jets zone.
19:17 of 3rd period - Connor McDavid is hit by Brett Leason.
19:29 of 3rd period - Wrist shot by Connor Zary.
19:29 of 3rd period - Stopped by Ukko-Pekka Luukkonen without a rebound.
19:30 of 3rd period - Artturi Lehkonen wins face-off versus Alexis Lafreniere in Winnipeg Jets zone.
Goals for this period are 1 for Winnipeg Jets vs 1 for Vancouver Canucks.
Shots for this period are 7 for Winnipeg Jets vs 11 for Vancouver Canucks.
Back to the Top